General information
- name: LOLK
- type: Custom game
- host: LORD_KAMAKAZIE
- saver: LORD_KAMAKAZIE
map: EchoIsles
- players: 2
- length: 21:54
- speed: Fast
- version: 1.23 W3XP
- replay type: Public
» download(74 KB)
Players
team 1 (winner)
LORD_KAMAKAZIE (
red | 129 APM | 2835 actions | 21:54)
6 Blood Mage
3 Flame Strike
2 Siphon Mana
1 Summon Phoenix
» actions
| Assign group hotkey | 39 | |
| Basic commands | 48 | |
| Build / train | 113 | |
| Enter build submenu | 50 | |
| Enter hero's abilities submenu | 6 | |
| Give item / drop item | 1 | |
| Right click | 889 | |
| Select / deselect | 267 | |
| Select group hotkey | 1314 | |
| Use ability | 108 | |
2835 total
» units
| Peasant | 19 | |
| Mortar Team | 8 | |
| Sorceress | 3 | |
| Spell Breaker | 5 | |
| Gryphon Rider | 4 | |
39 total
» upgrades
| Masonry | 2 | |
| Gunpowder | 2 | |
| Magic Sentry | 1 | |
| Sorceress Training | 1 | |
| Flare | 1 | |
| Storm Hammers | 1 | |
| Fragmentation Shards | 1 | |
| Animal War Training | 1 | |
| Armor | 1 | |
| Swords | 1 | |
12 total
» buildings
| Altar of Kings | 1 | |
| Scout Tower | 23 | |
| Farm | 15 | |
| Lumber Mill | 1 | |
| Arcane Tower | 6 | |
| Arcane Vault | 1 | |
| Guard Tower | 31 | |
| Town Hall | 1 | |
| Keep | 1 | |
| Blacksmith | 1 | |
| Arcane Sanctum | 1 | |
| Workshop | 1 | |
| Castle | 1 | |
| Gryphon Aviary | 3 | |
| Barracks | 1 | |
88 total
» build order
00:08 Altar of Kings
00:19 Scout Tower
00:26 Farm
00:27 Farm
00:43 Lumber Mill
01:35 Arcane Tower
02:03 Scout Tower
02:29 Arcane Vault
02:33 Guard Tower
02:33 Guard Tower
03:00 Scout Tower
03:19 Scout Tower
03:30 Guard Tower
03:51 Guard Tower
03:51 Guard Tower
04:34 Scout Tower
04:35 Scout Tower
04:37 Scout Tower
04:39 Scout Tower
04:41 Scout Tower
04:42 Scout Tower
04:44 Scout Tower
04:47 Scout Tower
04:48 Scout Tower
04:51 Town Hall
04:53 Scout Tower
04:54 Scout Tower
04:56 Scout Tower
05:05 Guard Tower
05:06 Arcane Tower
05:06 Arcane Tower
05:09 Guard Tower
05:09 Guard Tower
05:12 Guard Tower
05:12 Guard Tower
05:30 Guard Tower
05:30 Guard Tower
05:32 Guard Tower
05:36 Guard Tower
05:39 Guard Tower
06:00 Guard Tower
06:00 Guard Tower
06:20 Keep
07:13 Scout Tower
07:13 Scout Tower
07:16 Scout Tower
07:20 Scout Tower
08:07 Guard Tower
08:08 Guard Tower
08:08 Guard Tower
08:10 Guard Tower
08:11 Guard Tower
08:12 Arcane Tower
08:18 Scout Tower
08:20 Scout Tower
08:29 Scout Tower
08:45 Blacksmith
08:52 Arcane Sanctum
08:54 Guard Tower
09:00 Farm
09:01 Farm
09:02 Farm
09:08 Guard Tower
09:21 Workshop
09:39 Farm
12:22 Castle
14:34 Gryphon Aviary
14:35 Gryphon Aviary
14:37 Gryphon Aviary
14:44 Farm
14:45 Farm
14:46 Farm
14:47 Farm
14:49 Farm
16:07 Farm
16:08 Farm
16:09 Farm
16:11 Farm
16:50 Barracks
» items
| Boots of Speed | 1 | |
| Staff of Teleportation | 1 | |
| Scroll of Regeneration | 2 | |
| Lesser Clarity Potion | 3 | |
| Mechanical Critter | 1 | |
| Potion of Healing | 2 | |
| Potion of Mana | 1 | |
| Scroll of Town Portal | 1 | |
12 total
team 2 (loser)
Lotuspod (
blue | 62 APM | 1367 actions | 21:53)
4 Demon Hunter
2 Mana Burn
2 Evasion
3 Keeper of the Grove
2 Entangling Roots
1 Thorns Aura
» actions
| Basic commands | 58 | |
| Build / train | 48 | |
| Enter build submenu | 25 | |
| Enter hero's abilities submenu | 7 | |
| Give item / drop item | 2 | |
| Remove unit from queue | 1 | |
| Right click | 852 | |
| Select / deselect | 321 | |
| Use ability | 53 | |
1367 total
» units
| Wisp | 15 | |
| Archer | 3 | |
| Huntress | 4 | |
| Forest Troll Shadow Priest | 1 | |
| Glaive Thrower | 3 | |
| Dryad | 1 | |
| Chimaera | 4 | |
31 total
» upgrades
| Abolish Magic | 1 | |
| Strength of the Wild | 1 | |
| Reinforced Hides | 1 | |
3 total
» buildings
| Altar of Elders | 1 | |
| Moon Well | 8 | |
| Ancient of War | 3 | |
| Hunter's Hall | 1 | |
| Tree of Ages | 1 | |
| Ancient of Lore | 2 | |
| Tree of Life | 3 | |
| Tree of Eternity | 2 | |
| Ancient of Wind | 1 | |
| Chimaera Roost | 3 | |
25 total
» build order
00:10 Altar of Elders
00:20 Moon Well
01:05 Ancient of War
01:44 Moon Well
02:06 Hunter's Hall
02:29 Ancient of War
03:24 Ancient of War
03:52 Moon Well
03:56 Moon Well
04:15 Tree of Ages
05:33 Moon Well
06:46 Ancient of Lore
06:49 Ancient of Lore
07:55 Moon Well
08:12 Tree of Life
14:04 Tree of Eternity
14:09 Ancient of Wind
16:15 Moon Well
16:50 Chimaera Roost
16:53 Chimaera Roost
16:57 Chimaera Roost
17:11 Moon Well
18:24 Tree of Life
18:46 Tree of Life
» items
Chat log
(07:36 / All) LORD_KAMAKAZIE: FUCK MANNER BURN
(20:53 / All) Lotuspod: kk gg
(20:56 / All) LORD_KAMAKAZIE: GG
(21:06 / All) Lotuspod: if i wouldve done my original strat u were done
(21:07 / All) Lotuspod: lol